 Dungeon Crawl Stone Soup version 0.24.0-41-g2ae2f7f1be (webtiles) character file.

Game seed: 11948803290970299891, levelgen mode: deterministic

1349 Anathary the Carver (level 8, -2/64 HPs)
             Began as a Minotaur Fighter on Dec 10, 2019.
             Was a Believer of Okawaru.
             Slain by a sky beast (4 damage)
             ... on level 5 of the Dungeon.
             The game lasted 00:17:41 (4360 turns).

Anathary the Carver (Minotaur Fighter)              Turns: 4360, Time: 00:17:42

Health: -2/64      AC:  8    Str: 23    XL:     8   Next: 36%
Magic:  7/7        EV:  9    Int:  5    God:    Okawaru [**....]
Gold:   249        SH:  9    Dex: 10    Spells: 7/7 levels left

rFire    x . .     SeeInvis .   a - +0 long sword
rCold    + . .     Gourm    .   c - +0 shield
rNeg     . . .     Faith    +   o - +1 scale mail {MR+}
rPois    .         Spirit   .   (helmet restricted)
rElec    .         Reflect  .   (no cloak)
rCorr    .         Harm     .   (no gloves)
MR       +....                  (no boots)
Stlth    ..........             w - amulet of faith
HPRegen  0.20/turn              j - ring of ice
MPRegen  0.10/turn              (no ring)

@: no status effects
A: retaliatory headbutt, horns 2
a: Heroism, Renounce Religion


You were on level 5 of the Dungeon.
You worshipped Okawaru.
Okawaru was pleased with you.
You were not hungry.

You visited 1 branch of the dungeon, and saw 5 of its levels.

You collected 249 gold pieces.

Inventory:

Hand Weapons
 a - a +0 long sword (weapon)
Armour
 b - a +0 scale mail
 c - a +0 shield (worn)
 o - a +1 scale mail of magic resistance (worn)
Jewellery
 j - a ring of ice (left hand)
 w - an amulet of faith (around neck)
Wands
 g - a wand of digging (5)
 B - a wand of scattershot (6)
Scrolls
 e - 3 scrolls of teleportation
 i - a scroll of identify
 k - a scroll of immolation {unknown}
 l - 4 scrolls of fog {unknown}
 n - a scroll of fear {unknown}
 p - a scroll of noise {unknown}
 q - 2 scrolls of enchant weapon {unknown}
 s - a scroll of enchant armour {unknown}
 t - 2 scrolls of remove curse {unknown}
 y - 4 scrolls of blinking
Potions
 d - 2 potions of might
 h - 6 potions of curing
 m - a potion of haste {unknown}
 r - a potion of magic {unknown}
 u - 2 potions of berserk rage {unknown}
 v - 2 potions of brilliance {unknown}
 x - a potion of resistance {unknown}
 z - a potion of degeneration {unknown}
 A - a potion of lignification {unknown}
Comestibles
 f - 2 rations


   Skills:
 - Level 3.6 Fighting
 * Level 10.6 Long Blades
 + Level 4.4 Armour
 - Level 4.3 Dodging
 + Level 1.7 Stealth
 + Level 3.8 Shields


You had 7 spell levels left.
You didn't know any spells.
Your spell library was empty.

Dungeon Overview and Level Annotations

Branches:
Dungeon (5/15)
 Temple: D:4-7

Altars:
Ashenzari
Cheibriados
Dithmenos
Kikubaaqudgha
Okawaru
Vehumet
Zin

Shops:
D:4 :

Annotations:
D:3 1 runed translucent door, dasteron's ghost, amateur TrBe


Innate Abilities, Weirdness & Mutations

You reflexively headbutt those who attack you in melee.
You have a pair of horns on your head.


Message History

* * * LOW HITPOINT WARNING * * *
Something shocks you.
* * * LOW HITPOINT WARNING * * *
Things that are here:
a +0 giant club; an ogre corpse You block something's attack.
You slash something! You headbutt something. Something hits you.
* * * LOW HITPOINT WARNING * * *
Something shocks you.
* * * LOW HITPOINT WARNING * * *
You barely miss something.
A sky beast appears from thin air!
Reactivating autopickup.
The sky beast hits you but does no damage.
You hit the sky beast. You headbutt the sky beast.
The sky beast is severely wounded.
The sky beast flickers out of sight!
Deactivating autopickup; reactivate with Ctrl-A.
You block something's attack.
You miss something. Something hits you.
You die...

)#....#.......#####'##
.#....#.......#.....#
.######.......#.....#
........#######.....#
#.......#....########
#....>..#.....+.....#
#.......#....##.....#
#.......#....##.....#
#.......#.....†)@.%.#
#.......'†...##{....#
#.......#....##.....#
#.......#...........#
#.......#....##>....#
........#....##.....#
.########....##.....#
. .....#......# .
#....#


There were no monsters in sight!

Vanquished Creatures
  Grinder (D:3)
  2 ice beasts
  2 phantoms (D:4)
  2 ogres
  A crimson imp (D:5)
  3 hounds
  A bullfrog skeleton (D:4)
  2 jellies (D:5)
  4 orc wizards
  An orc priest (D:5)
  An iguana (D:4)
  2 worker ants (D:5)
  2 gnolls (D:2)
  9 adders
  An ooze (D:1)
  A dart slug (D:1)
  8 leopard geckos
  10 orcs
  A ball python (D:3)
  8 bats
  7 giant cockroaches
  5 goblins
  8 hobgoblins
  2 jackals (D:3)
  A quokka (D:2)
  7 frilled lizards
  12 kobolds
  5 rats
109 creatures vanquished.

Vanquished Creatures (others)
  2 withered plants (D:3)
2 creatures vanquished.

Grand Total: 111 creatures vanquished

Notes
Turn   | Place    | Note
-------+----------+-------------------------------------------
     0 | D:1      | Anathary the Minotaur Fighter began the quest for the Orb.
     0 | D:1      | Reached XP level 1. HP: 19/19 MP: 0/0
    58 | D:1      | Reached skill level 3 in Long Blades
   103 | D:1      | Reached XP level 2. HP: 24/26 MP: 1/1
   512 | D:1      | Reached skill level 4 in Long Blades
   547 | D:1      | Reached XP level 3. HP: 31/31 MP: 2/2
   735 | D:1      | Reached skill level 1 in Dodging
   939 | D:2      | Found a radiant altar of Vehumet.
  1054 | D:2      | Found an iron altar of Okawaru.
  1065 | D:2      | Reached skill level 5 in Long Blades
  1065 | D:2      | Reached XP level 4. HP: 25/39 MP: 3/3
  1171 | D:2      | Became a worshipper of Warmaster Okawaru
  1466 | D:3      | Noticed an ice beast
  1479 | D:3      | Killed an ice beast
  1479 | D:3      | Reached skill level 6 in Long Blades
  1479 | D:3      | Reached XP level 5. HP: 28/45 MP: 4/4
  1601 | D:3      | Found a shattered altar of Ashenzari.
  1938 | D:3      | Found a runed translucent door.
  1938 | D:3      | Noticed dasteron's ghost (amateur TrBe)
  2021 | D:3      | Noticed Grinder
  2021 | D:3      | Paralysed by Grinder for 5 turns
  2041 | D:3      | Killed Grinder
  2041 | D:3      | Reached * piety under Okawaru
  2041 | D:3      | Reached skill level 7 in Long Blades
  2041 | D:3      | Reached skill level 1 in Stealth
  2041 | D:3      | Reached XP level 6. HP: 25/51 MP: 5/5
  2235 | D:3      | Found a glowing silver altar of Zin.
  2439 | D:4      | Reached skill level 8 in Long Blades
  2465 | D:4      | Reached XP level 7. HP: 28/57 MP: 6/6
  2863 | D:4      | Reached skill level 9 in Long Blades
  3093 | D:4      | Found Vegausyrph's Book Shoppe.
  3503 | D:5      | Entered Level 5 of the Dungeon
  3512 | D:5      | Found an ancient bone altar of Kikubaaqudgha.
  3512 | D:5      | Found a snail-covered altar of Cheibriados.
  3512 | D:5      | Found a shadowy altar of Dithmenos.
  3714 | D:5      | Reached XP level 8. HP: 44/64 MP: 7/7
  3899 | D:5      | Reached ** piety under Okawaru
  3899 | D:5      | Reached skill level 10 in Long Blades
  4357 | D:5      | HP: 1/64 [something (6)]
  4360 | D:5      | Slain by a sky beast

Levels and vault maps discovered:
D:1:      dpeg_arrival_tiny_g, layout_loops_ring
D:2:      layout_basic, lemuel_round_altar, okawaru_altar_gauntlet_db
D:3:      layout_loops_ring, old_standard_altar, marbit_many_paths,
          first_ration, gammafunk_ghost_grave, serial_rivers,
          chequers_serial_rivers_small_a, chequers_serial_rivers_micro_d,
          chequers_serial_rivers_micro_e, chequers_serial_rivers_room_b,
          uniq_grinder
D:4:      layout_rooms, serial_shops, nicolae_shop_crystal
D:5:      layout_gridville, kennysheep_mini_moat, gammafunk_temple_overflow_claw

Skill      XL: |  1  2  3  4  5  6  7  8 |
---------------+-------------------------+-----
Long Blades    | 3 4 5 6 7 8 9 10 | 10.6
Dodging        | 1 2 3 4 |  4.3
Stealth        | 1 |  1.7
Armour         | 4 |  4.4
Fighting       | |  3.6
Shields        | |  3.8

Action                   |  1- 3 |  4- 6 |  7- 9 || total
-------------------------+-------+-------+-------++-------
Melee: Long sword        |   107 |   111 |   125 ||   343
       Headbutt          |    16 |    15 |    26 ||    57
  Use: Scroll            |       |       |     4 ||     4
  Eat: Ration            |     1 |     1 |     2 ||     4
Armor: Scale mail        |    53 |    31 |    25 ||   109
Dodge: Dodged            |    52 |    40 |    25 ||   117
Block: Shield            |    62 |    58 |    51 ||   171
       Rpst.: Long sword |    10 |     7 |     6 ||    23
